 Dungeon Crawl Stone Soup version 0.29-a0-283-ga02f740833 (webtiles) character file.

Game seed: 10196013330107494958

30 sammy202020 the Skirmisher (level 3, 19/19 HPs)
             Began as a Vine Stalker Fighter on Mar 14, 2022.
             Quit the game on level 1 of the Dungeon.
             The game lasted 00:02:09 (1198 turns).

sammy202020 the Skirmisher (Vine Stalker Fighter)   Turns: 1198, Time: 00:02:10

Health: 19/19      AC:  6    Str: 18    XL:     3   Next: 18%
Magic:  4/4        EV:  9    Int: 10    God:
Gold:   33         SH:  4    Dex: 13    Spells: 2/2 levels left

rFire   . . .      SeeInvis .     - Unarmed
rCold   . . .      Faith    .   b - +0 buckler
rNeg    . . .      Spirit   +   a - +0 scale mail
rPois   .          Reflect  .   (no helmet)
rElec   .          Harm     .   (no cloak)
rCorr   .          Rampage  .   (no gloves)
Will    .....                   (no boots)
Stlth   ..........              (no amulet)
HPRegen 0.06/turn               (no ring)
MPRegen 0.09/turn               (no ring)

@: very slow
A: fangs 2, magic shield, antimagic bite, no potion heal 2
a: no special abilities


You were on level 1 of the Dungeon.
You visited 1 branch of the dungeon, and saw 1 of its levels.

You collected 33 gold pieces.

Inventory:

Armour
 a - a +0 scale mail (worn)
 b - a +0 buckler (worn)
 e - a +0 scale mail
Scrolls
 f - a scroll of brand weapon {unknown}
Potions
 c - a potion of might
 d - a potion of curing {unknown}
 g - a potion of attraction {unknown}
 h - a potion of ambrosia {unknown}
 i - a potion of degeneration {unknown}
 j - a potion of flight {unknown}
 k - a potion of brilliance {unknown}


   Skills:
 * Level 2.9 Fighting
 * Level 2.6 Armour
 * Level 0.7 Dodging
 * Level 2.9 Shields
 * Level 2.4 Unarmed Combat


You had 2 spell levels left.
You didn't know any spells.
Your spell library contained the following spells:

 Spells                   Type           Power      Damage    Failure   Level
 Ozocubu's Armour         Ice            0%         N/A       99%         3
 Ozocubu's Refrigeration  Ice            0%         4d5       100%        7


Dungeon Overview and Level Annotations

Branches:
Dungeon (1/15)

Altars:

Shops:
D:1 *


Innate Abilities, Weirdness & Mutations

You have extremely sharp teeth.
When hurt, damage is shared between your health and your magic reserves.
Your bite disrupts and absorbs the magic of your enemies.
Potions cannot restore your health.


Message History

You hit the rat.
You kill the rat!
The frilled lizard barely misses you.
You punch the frilled lizard!
You kill the frilled lizard!
No target in view!
No target in view!
No target in view!
No target in view!
No target in view!
No target in view!
No target in view!
No target in view!
No target in view!
No target in view!
No target in view!
You see here a frilled lizard corpse.
You see here a frilled lizard corpse.
You see here 19 stones.
You now have 33 gold pieces (gained 3).
As you open the door, it creaks loudly!
There is a stone staircase leading down here.
There is a stone staircase leading down here.
Found a dagger.
You see here a +0 short sword.
You see here 16 stones.
As you open the door, it creaks loudly!
Found a whip.
There is an open door here.
You enter the shallow water.
Moving in this stuff is going to be slow.
You enter the shallow water.
Moving in this stuff is going to be slow.
Partly explored, can't reach some places.
Partly explored, can't reach some places.
Partly explored, can't reach some places.
Partly explored, can't reach some places.
Partly explored, can't reach some places.
Unknown command.
Are you sure you want to abandon this character and quit the game? (Confirm with "yes".)

# #.# ## #.# ≈#
#.# ≈# #.####
≈###....#########
≈#.......≈......##
≈≈≈≈≈≈≈≈≈.≈≈≈≈≈..#
≈≈≈≈≈≈≈≈≈≈≈≈≈≈≈≈.#
≈≈≈≈≈≈≈≈≈≈≈≈≈≈≈≈@#
≈≈≈≈..≈≈≈≈.≈≈≈≈≈≈#
≈≈..≈.......#≈≈≈≈#
######..######≈≈≈#
...###..# ##≈≈#
........# ##≈#
#######)# ≈≈#
#######.#### ###
(..........#


There were no monsters in sight!

Vanquished Creatures
  A dart slug (D:1)
  2 ball pythons (D:1)
  3 endoplasms (D:1)
  2 goblins (D:1)
  3 hobgoblins (D:1)
  3 kobolds (D:1)
  4 bats (D:1)
  3 frilled lizards (D:1)
  5 rats (D:1)
26 creatures vanquished.

Notes
Turn   | Place    | Note
-------+----------+-------------------------------------------
     0 | D:1      | sammy202020 the Vine Stalker Fighter began the quest for
                  | the Orb.
     0 | D:1      | Reached XP level 1. HP: 11/11 MP: 2/2
   194 | D:1      | Found Kuttin's Assorted Antiques.
   209 | D:1      | Reached XP level 2. HP: 10/16 MP: 3/3
   742 | D:1      | Reached XP level 3. HP: 19/19 MP: 4/4
  1198 | D:1      | Quit the game

Illustrated notes

Levels and vault maps discovered:
D:1:      psy_arrival_radial01, layout_loops_ring, serial_shops, shop,
          serial_rivers, chequers_serial_rivers_micro_e,
          chequers_serial_rivers_large_a, chequers_serial_rivers_room_b,
          chequers_serial_rivers_room_a, chequers_serial_rivers_micro_c,
          amethyst_killhole

Action                   || total
-------------------------++-------
Melee: Unarmed           ||    63
       Bite              ||    14
Armor: Scale mail        ||    16
Dodge: Dodged            ||    23
Block: Buckler           ||    10

Table legend: (Time is in decaauts)
 A = Elapsed time spent in this place.
 B = Non-inter-level travel time spent in this place.
 C = Inter-level travel time spent in this place.
 D = Time resting spent in this place.
 E = Time spent auto-exploring this place.
 F = Levels seen in this place.
 G = Mean time per level.
                   A        B        C        D        E       F      G
               +--------+--------+--------+--------+--------+-----+--------+
         Total |   1208 |   1208 |      0 |      0 |   1052 |   1 | 1208.0 |
       Dungeon |   1208 |   1208 |      0 |      0 |   1052 |   1 | 1208.0 |
               +--------+--------+--------+--------+--------+-----+--------+

Top non-repeatable levels by time:
     D:1: 1208 daAuts
